 Dungeon Crawl Stone Soup version 0.30-a0-782-ge64f9170bb (webtiles) character file.

Game seed: 5671976148663500013

60 Querens the Sneak (level 3, 0/16 HPs)
             Began as a Spriggan Enchanter on Feb 22, 2023.
             Shot with an arrow by a centaur (16 damage)
             ... on level 4 of the Dungeon.
             The game lasted 00:04:44 (1446 turns).

Querens the Sneak (Spriggan Enchanter)              Turns: 1446, Time: 00:04:45

Health: 0/16       AC:  2    Str:  4    XL:     3   Next: 82%
Magic:  8/8        EV: 32    Int: 16    God:
Gold:   132        SH:  0    Dex: 17    Spells: 6/8 levels left

rFire   . . .      SeeInvis +    m - +4 dagger (venom)
rCold   . . .      Faith    .    (no shield)
rNeg    . . .      Spirit   .    b - +0 robe
rPois   .          Reflect  .    (helmet restricted)
rElec   .          Harm     .    (no cloak)
rCorr   .          Rampage  .    (gloves unavailable)
Will    .....                    (boots unavailable)
Stlth   +++                      e - amulet of the acrobat
HPRegen 0.22/turn                (no ring)
MPRegen 0.11/turn                (no ring)

@: acrobatic, very quick
A: very small, no large weapons, unfitting armour, see invisible, speed 3
a: no special abilities


You were on level 4 of the Dungeon.
You visited 1 branch of the dungeon, and saw 4 of its levels.

You collected 132 gold pieces.

Inventory:

Hand Weapons
 h - a +1 dagger of speed
 m - a +4 dagger of venom (weapon)
Armour
 b - a +0 robe (worn)
Jewellery
 e - an amulet of the acrobat (around neck)
Scrolls
 a - a scroll of fog {unknown}
 g - 3 scrolls of identify {unknown}
 n - a scroll of fear {unknown}
 o - a scroll of noise {unknown}
 q - 2 scrolls of magic mapping {unknown}
Potions
 c - 2 potions of invisibility
 d - a potion of might {unknown}
 f - 4 potions of curing {unknown}
 i - a potion of attraction {unknown}
 j - a potion of magic {unknown}
 k - a potion of cancellation {unknown}
 l - 2 potions of brilliance {unknown}
 p - a potion of flight {unknown}
 r - a potion of mutation {unknown}


   Skills:
 + Level 2.1 Short Blades
 - Level 2.6 Dodging
 * Level 5.7 Stealth
 + Level 3.3 Spellcasting
 + Level 4.1 Hexes


You had 6 spell levels left.
You knew the following spells:

 Your Spells              Type           Power      Damage    Failure   Level
a - Ensorcelled Hibernat  Hex/Ice        18%        N/A       12%         2

Your spell library contained the following spells:

 Spells                   Type           Power      Damage    Failure   Level
 Confusing Touch          Hex            15%        N/A       10%         3
 Tukima's Dance           Hex            15%        N/A       10%         3
 Dazzling Flash           Conj/Hex       18%        N/A       24%         3


Dungeon Overview and Level Annotations

Branches:
Dungeon (4/15)
 Temple: D:4-7

Altars:
Trog


Innate Abilities, Weirdness & Mutations

You are very small and have problems with some larger weapons.
You are too small for most types of armour.
You have supernaturally acute eyesight. (SInv)
You cover ground extremely quickly. (Speed+++)


Message History

You closely miss the orc. The orc hits you with a +0 club.
You hit the orc.
The orc is poisoned.
The orc is heavily wounded.
You hit the orc but do no damage.
The orc is heavily wounded.
The orc barely misses you.
You hit the orc.
You kill the orc!
Items here: )) [ ††††.
Things that are here:
a +0 club; 2 boomerangs You now have 124 gold pieces (gained 16).
g - 3 scrolls labelled GIOFUT GICEOC (gained 1)
You now have 132 gold pieces (gained 8).
Found a stone staircase leading down.
A rat comes into view.
The helpless rat fails to defend itself.
You impale the rat!!
You kill the rat!
No target in view!
A rat comes into view.
The helpless rat fails to defend itself.
You impale the rat!!
You kill the rat!
No target in view!
Found a scroll labelled MARRYMNEVAS.
q - 2 scrolls labelled MARRYMNEVAS (gained 1)
A sourceless malevolence fills the Dungeon...
You fall into a shaft and drop 1 floor!
The shaft crumbles and collapses.
Found a stone staircase leading down.
There is a stone staircase leading down here.
A centaur comes into view.
The centaur shouts!
The centaur wields a +0 shortbow.
The centaur shoots an arrow.
The arrow closely misses you.
The centaur shoots an arrow.
The arrow completely misses you.
You start waiting.
The centaur shoots an arrow.
The arrow hits you!
Ouch! That really hurt!
You die...

#c. ######.## #.
#...##.. ..
#...##.# #.
#......# ..
#...##.# .###
#...##c#### ...
#....>....####.#
#...##.##....@.#
######.##..#####
#.##### #.# #.#
#.# #.#


You could see a centaur.

Vanquished Creatures
  An adder (D:2)
  A worm (D:2)
  A dart slug (D:1)
  3 orcs (D:3)
  3 bats
  2 endoplasms
  6 goblins
  6 hobgoblins
  A kobold (D:2)
  2 quokkas
  5 ball pythons
  3 frilled lizards (D:1)
  7 rats
41 creatures vanquished.

Notes
Turn   | Place    | Note
-------+----------+-------------------------------------------
     0 | D:1      | Querens the Spriggan Enchanter began the quest for the Orb.
     0 | D:1      | Reached XP level 1. HP: 9/9 MP: 5/5
   166 | D:1      | Reached XP level 2. HP: 7/13 MP: 6/6
   169 | D:1      | Learned a level 2 spell: Ensorcelled Hibernation
   328 | D:1      | Reached skill level 5 in Stealth
   743 | D:2      | Found a bloodstained altar of Trog.
   828 | D:2      | Reached XP level 3. HP: 16/16 MP: 5/8
  1427 | D:3      | You fall into a shaft and drop 1 floor!
  1434 | D:4      | Noticed a centaur
  1446 | D:4      | Shot with an arrow by a centaur

Illustrated notes

Levels and vault maps discovered:
D:1:      mrwooster_arrival_statue, layout_loops_ring, hangedman_decor_points,
          patterned_corridor
D:2:      layout_basic, basic_altar
D:3:      layout_rooms, uniq_jessica
D:4:      minmay_wonky_spiral, layout_rooms, fedhas_altar_1, minmay_starry_boxes

Skill      XL: |  1  2  3 |
---------------+----------+-----
Stealth        | 5 |  5.7
Spellcasting   | 3 |  3.3
Hexes          | 4 |  4.1
Short Blades   | 2 |  2.1
Dodging        | |  2.6

Action                     || total
---------------------------++-------
  Melee: Dagger            ||    93
         Punch             ||     1
   Cast: Ensorcelled Hiber ||     3
   Stab: Sleeping          ||    12
 Armour: Robe              ||     8
  Dodge: Dodged            ||    54

Table legend: (Time is in decaauts)
 A = Elapsed time spent in this place.
 B = Non-inter-level travel time spent in this place.
 C = Inter-level travel time spent in this place.
 D = Time resting spent in this place.
 E = Time spent auto-exploring this place.
 F = Levels seen in this place.
 G = Mean time per level.
                   A        B        C        D        E       F      G
               +--------+--------+--------+--------+--------+-----+--------+
         Total |    908 |    778 |    130 |      0 |      0 |   4 |  227.0 |
       Dungeon |    908 |    778 |    130 |      0 |      0 |   4 |  227.0 |
               +--------+--------+--------+--------+--------+-----+--------+

Top non-repeatable levels by time:
     D:1: 416 daAuts
     D:2: 371 daAuts
     D:3: 109 daAuts
     D:4: 11 daAuts
